 Dungeon Crawl Stone Soup version 0.30-b1-5-g8e6c1be481 (webtiles) character file.

Game seed: 14162957712034612367

5530 catfood the Cleaver (level 10, -8/95 HPs)
             Began as a Minotaur Berserker on May 4, 2023.
             Was a High Priest of Trog.
             Mangled by an orc knight
             ... wielding a +0 glaive
              (32 damage)
             ... in a bailey.
             The game lasted 00:42:10 (9107 turns).

catfood the Cleaver (Minotaur Berserker)            Turns: 9107, Time: 00:42:11

Health: -8/95      AC: 10    Str: 26    XL:     10   Next: 43%
Magic:  9/9        EV: 17    Int:  8    God:    Trog [*****.]
Gold:   569        SH:  0    Dex: 16    Spells: 9/9 levels left

rFire   . . .        x - +3 hand axe (flame)
rCold   . . .        p - orb {mayhem}
rNeg    . . .        G - +0 steam dragon scales
rPois   .            (helmet restricted)
rElec   .            k - +1 cloak
rCorr   .            N - +0 pair of gloves
SInv    .            (no boots)
Will    .....        o - amulet of regeneration
Stlth   ++           n - +5 ring of evasion
HPRegen 1.15/turn    v - ring "Nefuuj" {Int+4 Dex+6}
MPRegen 0.11/turn

%: mayhem
@: on berserk cooldown, slowed, very slow
A: horns 2, retaliatory headbutt
a: Renounce Religion, Berserk, Trog's Hand, Brothers in Arms


You were in a bailey.
You worshipped Trog.
Trog was extremely pleased with you.
You visited 1 branch of the dungeon, and saw 9 of its levels.
You also visited: Ossuary and Bailey.

You collected 887 gold pieces.
You spent 318 gold pieces at shops.

Inventory:

Hand Weapons
 b - a +1 flail of protection
 d - a +3 halberd of protection
 x - a +3 hand axe of flaming (weapon)
Missiles
 H - 3 curare-tipped darts (quivered)
 I - 15 poisoned darts
Armour
 k - a +1 cloak (worn)
 p - an orb of mayhem (worn)
 G - +0 steam dragon scales (worn)
 K - a +2 robe of cold resistance
 N - a +0 pair of gloves (worn)
Magical Staves
 C - a staff of fire
Jewellery
 a - a ring of flight
 f - a ring of ice
 n - a +5 ring of evasion (left hand)
 o - an amulet of regeneration (around neck)
 v - the ring "Nefuuj" (right hand) {Int+4 Dex+6}
   (You found it on level 9 of the Dungeon)

   [ring of dexterity]

   Int:       It affects your intelligence (+4).
   Dex:       It affects your dexterity (+6).
Wands
 B - a wand of iceblast (5)
 T - a wand of paralysis (9)
 U - a wand of acid (13)
Scrolls
 c - 2 scrolls of acquirement {unknown}
 g - a scroll of noise {unknown}
 j - a scroll of immolation {unknown}
 l - a scroll of amnesia
 t - a scroll of brand weapon {unknown}
 w - 2 scrolls of fog
 z - 2 scrolls of butterflies
 A - a scroll of enchant weapon
 F - 3 scrolls of enchant armour
 O - a scroll of magic mapping {unknown}
 P - a scroll of teleportation
 S - 2 scrolls of fear {unknown}
Potions
 e - 9 potions of curing
 h - 3 potions of heal wounds
 i - a potion of cancellation {unknown}
 m - 5 potions of flight
 q - 6 potions of lignification
 r - 4 potions of resistance
 s - 5 potions of might
 u - 2 potions of degeneration
 D - a potion of berserk rage {unknown}
 E - 2 potions of attraction {unknown}
 Q - 2 potions of brilliance {unknown}
 R - 7 potions of haste
 V - 2 potions of magic {unknown}
 W - 5 potions of invisibility {unknown}
 X - 2 potions of mutation {unknown}


   Skills:
 + Level 11.0 Fighting
 + Level 13.2 Axes
 + Level 9.1 Armour
 - Level 2.1 Dodging
 - Level 1.0 Stealth


You had 9 spell levels left.
You didn't know any spells.
Your spell library was empty.

Dungeon Overview and Level Annotations

Branches:
Dungeon (9/15)             Temple (0/1) D:4         Ossuary (visited)
 Bailey (1/1)
   Lair: D:8-11         Orc: D:9-12

Altars:
Ashenzari
Cheibriados
Elyvilon
Hepliaklqana
Makhleb
Okawaru
Sif Muna
Trog
Uskayaw

Shops:
D:2 [   D:5 ?

Annotations:
D:5 1 runed translucent door, Mysteryquy's ghost, weakling DsFi
D:7 3 runed translucent doors, Mysteryquy's ghost, novice HOFi


Innate Abilities, Weirdness & Mutations

You have a pair of horns on your head.
You reflexively headbutt those who attack you in melee.


Message History

You kill the orc warrior!
Trog accepts your kill.
The orc knight flies into a frenzy!
You hit the orc knight. You burn the orc knight.
The orc knight barely misses you.
The orc warrior hits you from afar with a +0 spear.
You closely miss the orc knight.
The orc knight is lightly wounded.
The orc knight hits you with a +0 glaive!!
You are too berserk!
The orc warrior misses you. The orc knight barely misses you.
You feel a strong urge to attack something.
The orc knight shouts!
The orc warrior closely misses you. You furiously retaliate!
You headbutt the orc warrior!
You see here a +0 spear.
You are no longer berserk.
You are exhausted.
You feel yourself slow down.
The orc knight closely misses the orc warrior.
Things that are here:
a +0 halberd; a +0 ring mail; an orc corpse Something hits the orc warrior!
The orc warrior dies!
Trog accepts your kill.
Your Fighting skill increases to level 11!
Items here: )) [ ††.
The orc knight shouts!
There is a broken door, spattered with blood here.
The orc knight hits you from afar with a +0 glaive!!
* * * LOW HITPOINT WARNING * * *
The orc knight closely misses you.
It's broken and can't be closed.
The orc knight hits you from afar with a +0 glaive!!
* * * LOW HITPOINT WARNING * * *
Okay, then.
You feel much better. The orc knight barely misses you.
The orc knight hits you from afar with a +0 glaive.
* * * LOW HITPOINT WARNING * * *
The orc knight hits you from afar with a +0 glaive!!
You die...

#.##8##.#
#))#.#..#
#)))....#
#.......#
#.......#
##.....##
###'###
#.))#
#.@.#
#...#
#.o.#
###'###
##.))).##
#.)).)..#
#))#8#..#
#..#.#..#
#.).....#


You could see a neutral orc knight (fast, strong, insane).

Vanquished Creatures
  Pikel (D:8)
  Maggie (D:6)
  Grinder (D:5)
  Sigmund (D:2)
  A wraith (D:6)
  Eustachio (D:6)
  3 yaks (D:8)
  A steam dragon (D:7)
  Edmund (D:4)
  6 orc warriors (Bailey)
  A black bear (D:6)
  2 ice beasts
  An ogre (D:5)
  2 sky beasts
  2 centaurs
  A phantom (D:6)
  5 kobold brigands
  2 lemures (D:8)
  Blork the orc (D:6)
  3 bullfrogs (D:7)
  A gnoll sergeant (D:7)
  6 wights (D:6)
  2 howler monkeys (D:7)
  2 jellies
  An orc priest (D:6)
  A sleepcap (D:6)
  3 hounds
  Jessica (D:2)
  An iguana (D:7)
  4 orc wizards
  7 mummies (Ossuary)
  5 gnolls
  An adder (D:5)
  A white imp (D:6)
  2 ufetubi
  3 worms
  2 dart slugs
  33 orcs
  9 ball pythons
  9 endoplasms
  2 gnoll zombies (Ossuary)
  5 goblins
  3 hobgoblins
  5 quokkas
  9 bats
  2 frilled lizards
  2 hobgoblin zombies (Ossuary)
  20 kobolds
  3 orc zombies (Ossuary)
  8 rats
190 creatures vanquished.

Vanquished Creatures (collateral kills)
  A yak (D:8)
  An orc warrior (Bailey)
  2 wights (D:6)
  A howler monkey (D:7)
  An orc wizard (D:6)
  A mummy (Ossuary)
  2 gnolls (D:5)
  A white imp (D:7)
  7 orcs
  5 kobolds
  A kobold zombie (Ossuary)
23 creatures vanquished.

Vanquished Creatures (others)
  A bullfrog (D:6)
  A scorpion (D:7)
  A hound (D:7)
  2 orcs
  2 kobolds
7 creatures vanquished.

Grand Total: 220 creatures vanquished

Notes
Turn   | Place    | Note
-------+----------+-------------------------------------------
     0 | D:1      | catfood the Minotaur Berserker began the quest for the Orb.
     0 | D:1      | Reached XP level 1. HP: 19/19 MP: 0/0
   266 | D:1      | Reached skill level 4 in Axes
   429 | D:1      | Reached XP level 2. HP: 27/27 MP: 1/1
   988 | D:2      | Found a shimmering blue altar of Sif Muna.
   988 | D:2      | Noticed Sigmund
   998 | D:2      | Killed Sigmund
   999 | D:2      | Reached skill level 5 in Fighting
   999 | D:2      | Reached skill level 5 in Axes
   999 | D:2      | Reached skill level 1 in Stealth
   999 | D:2      | Reached XP level 3. HP: 36/36 MP: 2/2
   999 | D:2      | Reached XP level 4. HP: 42/42 MP: 3/3
   999 | D:2      | Reached XP level 5. HP: 48/48 MP: 4/4
  1149 | D:2      | Found Texzosat's Armour Emporium.
  1172 | D:2      | Bought an orb of mayhem for 143 gold pieces
  1234 | D:2      | Noticed Jessica
  1246 | D:2      | Killed Jessica
  1247 | D:2      | Reached skill level 6 in Axes
  2217 | D:3      | Reached ** piety under Trog
  2847 | D:4      | Found a staircase to the Ecumenical Temple.
  2958 | D:4      | Noticed Edmund
  2970 | D:4      | Killed Edmund
  2971 | D:4      | Reached XP level 6. HP: 57/57 MP: 5/5
  3512 | D:5      | Entered Level 5 of the Dungeon
  3547 | D:5      | Found Cosya's Magic Scroll Boutique.
  3550 | D:5      | Found a runed translucent door.
  3566 | D:5      | Bought a scroll of identify for 26 gold pieces
  3566 | D:5      | Bought a scroll of identify for 26 gold pieces
  3566 | D:5      | Bought a scroll of enchant armour for 97 gold pieces
  3566 | D:5      | Bought a scroll of identify for 26 gold pieces
  3601 | D:5      | Reached skill level 7 in Axes
  3678 | D:5      | Noticed Grinder
  3685 | D:5      | Killed Grinder
  3686 | D:5      | Reached XP level 7. HP: 64/64 MP: 6/6
  3874 | D:5      | Reached skill level 8 in Axes
  4108 | D:5      | Noticed Mysteryquy's ghost (weakling DsFi)
  4146 | D:6      | Found a snail-covered altar of Cheibriados.
  4476 | D:6      | Reached skill level 5 in Armour
  4610 | D:6      | Reached XP level 8. HP: 58/73 MP: 7/7
  5069 | D:6      | Found an iron altar of Okawaru.
  5082 | D:6      | Noticed Maggie
  5186 | D:6      | Reached skill level 9 in Axes
  5464 | D:6      | Killed Maggie
  5464 | D:6      | Reached *** piety under Trog
  5536 | D:6      | Reached skill level 10 in Axes
  5612 | D:6      | Found a burning altar of Makhleb.
  5612 | D:6      | Noticed a blizzard demon
  5769 | D:6      | Noticed Blork the orc
  5773 | D:6      | Killed Blork the orc
  5983 | D:6      | Noticed Eustachio
  5995 | D:6      | Killed Eustachio
  5996 | D:6      | Reached XP level 9. HP: 44/82 MP: 8/8
  6112 | D:6      | Found a hazy altar of Hepliaklqana.
  6773 | D:7      | Found a runed translucent gate.
  6773 | D:7      | Found a runed translucent gate.
  6773 | D:7      | Found a runed translucent gate.
  6869 | D:7      | Reached skill level 11 in Axes
  6925 | D:7      | Found a broken altar of Ashenzari.
  6925 | D:7      | Found a bloodstained altar of Trog.
  7130 | D:7      | Reached **** piety under Trog
  7253 | D:7      | Noticed Mysteryquy's ghost (novice HOFi)
  7301 | D:7      | Identified the +1 leather armour "Anegumex" {Slay+3}
  7555 | D:8      | Reached skill level 10 in Fighting
  7556 | D:8      | Reached skill level 12 in Axes
  7558 | D:8      | Reached XP level 10. HP: 87/93 MP: 9/9
  7618 | D:8      | Found a sand-covered staircase.
  7623 | Ossuary  | Entered an ossuary
  8049 | D:8      | Noticed a +0 dagger
  8049 | D:8      | Noticed a +0 spear
  8049 | D:8      | Noticed a +0 short sword
  8049 | D:8      | Noticed a +0 dagger
  8051 | D:8      | Noticed a +0 short sword
  8053 | D:8      | Noticed a +0 falchion
  8054 | D:8      | Noticed a +0 falchion
  8054 | D:8      | Noticed a +0 spear
  8056 | D:8      | Found a hide-covered altar of Uskayaw.
  8145 | D:8      | Noticed Pikel
  8160 | D:8      | Killed Pikel
  8474 | D:8      | Found a white marble altar of Elyvilon.
  8847 | D:9      | Identified the ring "Nefuuj" {Int+4 Dex+6}
  8860 | D:9      | Found a flagged portal.
  8869 | Bailey   | Entered a bailey
  8959 | Bailey   | Reached ***** piety under Trog
  8994 | Bailey   | Noticed an orc knight
  9050 | Bailey   | Reached skill level 13 in Axes
  9107 | Bailey   | Mangled by an orc knight

Illustrated notes

Levels and vault maps discovered:
D:1:      dpeg_arrival_arbitrary_a, layout_loops_corners
D:2:      minmay_diamond_boxcup, layout_basic, basic_altar, serial_shops,
          shop_coins, uniq_jessica, uniq_sigmund
D:3:      layout_loops_ring, nicolae_kite_square_tiling_tiny,
          kennysheep_nondescript
D:4:      layout_loops_ring, minmay_temple_entry_statues_fountains,
          st_stairs_14, minivault_24, uniq_edmund
D:5:      layout_cave_pools, serial_shops, nicolae_shop_trees,
          ebering_ghost_reflecting_pool, uniq_grinder
D:6:      layout_loops_ring, kennysheep_little_box, makhleb_altar_promises_db,
          marbit_many_paths, kennysheep_slug_shrine, uniq_maggie,
          uniq_blork_the_orc, uniq_eustachio
D:7:      layout_rooms, grunt_temple_overflow_open, gammafunk_ghost_split,
          minmay_alternating_orb
D:8:      layout_basic, elyvilon_altar_5, nicolae_uskayaw_en_pointe,
          enter_ossuary_5, uniq_pikel
D:9:      layout_stronghold, nicolae_tso_swordbearing_angel,
          nicolae_yredelemnul_ghost_church, enter_bailey_2, patterned_corridor
Bailey:   bailey_polearm_5, bailey

Skill      XL: |  1  2  3  4  5  6  7  8  9 10 |
---------------+-------------------------------+-----
Axes           | 4 5 6 7 8 10 12 13 | 13.2
Fighting       | 4 5 6 7 8 10 11 | 11.0
Stealth        | 1 |  1.0
Armour         | 3 4 5 7 8 9 |  9.1
Dodging        | |  2.1

Action                     |  1- 3 |  4- 6 |  7- 9 | 10-12 || total
---------------------------+-------+-------+-------+-------++-------
  Melee: Hand axe          |    34 |    99 |   226 |   129 ||   488
         Headbutt          |     1 |     9 |    41 |    30 ||    81
 Invoke: Berserk           |     1 |     2 |     1 |     1 ||     5
    Use: Scroll            |       |     7 |     3 |     3 ||    13
         Potion            |       |     2 |     7 |     1 ||    10
   Stab: Sleeping          |     1 |       |       |       ||     1
         Distracted        |       |       |     1 |       ||     1
 Armour: Animal skin       |     3 |       |       |       ||     3
         Ring mail         |       |    18 |    50 |     2 ||    70
         Steam dragon scal |       |       |       |    21 ||    21
  Dodge: Dodged            |    19 |    69 |   144 |   100 ||   332
